 Dungeon Crawl Stone Soup version 0.25-a0-547-g27a0b5d (webtiles) character file.

Game seed: 18252631881862645362, levelgen mode: deterministic

181 wolfsongas the Poker (level 5, -12/41 HPs)
             Began as a Merfolk Skald on Feb 22, 2020.
             Was a Follower of Wu Jian.
             Killed by nerve-wracking pain
             ... invoked by Grinder
              (14 damage)
             ... on level 3 of the Dungeon.
             The game lasted 00:04:18 (1784 turns).

wolfsongas the Poker (Merfolk Skald)                Turns: 1784, Time: 00:04:18

Health: -12/41     AC:  9    Str: 14 (17) XL:     5   Next: 61%
Magic:  9/9        EV: 10    Int: 11 (12) God:    Wu Jian [*.....]
Gold:   127        SH:  0    Dex: 12 (14) Spells: 7/10 levels left

rFire    . . .     SeeInvis +   a - +0 spear
rCold    . . .     Gourm    .   (no shield)
rNeg     . . .     Faith    .   n - +0 scale mail
rPois    .         Spirit   .   e - +1 helmet
rElec    .         Reflect  .   (no cloak)
rCorr    .         Harm     .   (no gloves)
MR       .....                  m - +0 pair of boots
Stlth    ..........             (no amulet)
HPRegen  0.13/turn              i - +3 ring of slaying
MPRegen  0.11/turn              b - ring of see invisible

@: mighty, very slightly contaminated, hasted, invisible, very quick
A: change form in water, swift swim, stealthy swim
a: Renounce Religion


You were on level 3 of the Dungeon.
You worshipped Wu Jian.
Wu Jian was aware of your devotion.
You were not hungry.

You visited 1 branch of the dungeon, and saw 3 of its levels.

You collected 127 gold pieces.

Inventory:

Hand Weapons
 a - a +0 spear (weapon)
Armour
 e - a +1 helmet (worn)
 m - a +0 pair of boots (worn)
 n - a +0 scale mail (worn)
Jewellery
 b - a ring of see invisible (right hand)
 i - a +3 ring of slaying (left hand)
Scrolls
 j - 2 scrolls of remove curse
Potions
 c - 2 potions of haste
 g - a potion of invisibility
Comestibles
 d - 7 rations


   Skills:
 + Level 3.6 Fighting
 + Level 4.7 Polearms
 - Level 0.6 Armour
 - Level 2.6 Dodging
 + Level 3.1 Spellcasting
 + Level 4.3 Charms


You had 7 spell levels left.
You knew the following spells:

 Your Spells              Type           Power        Failure   Level  Hunger
a - Infusion              Chrm           ##..         21%         1    #......
b - Song of Slaying       Chrm           ##......     30%         2    ###....

Your spell library contained the following spells:

 Spells                   Type           Power        Failure   Level  Hunger
 Shroud of Golubria       Chrm/Tloc      #.....       58%         2    ###....
 Ozocubu's Armour         Chrm/Ice       #.......     82%         3    ###....
 Spectral Weapon          Hex/Chrm       #.......     82%         3    ###....


Dungeon Overview and Level Annotations

Branches:
Dungeon (3/15)

Altars:
Okawaru
Qazlal
Trog
Wu Jian

Annotations:
D:3 Grinder


Message History

It was a potion of degeneration.
There was something very wrong with that liquid.
You feel weakened.
You feel dopey.
You feel clumsy.
A big kobold comes into view. It is wielding a +0 dagger of venom.
You lunge at Grinder.
You closely miss Grinder. You hit Grinder.
Grinder is lightly wounded.
Grinder gestures at you. You resist with significant effort.
You closely miss Grinder.
Grinder is lightly wounded.
Grinder hits you but does no damage.
You puncture Grinder!
Grinder is moderately wounded.
You impale Grinder!!
Grinder is severely wounded.
Grinder blinks!
Grinder gestures at you. Pain shoots through your body!
You die...

....... .......#
.......# .......#
......# #######
......###..)).###
#....)...@..######
#....#####.......###..
##.####≈≈≈###..5......K
#..# ≈≈≈≈≈≈≈######...##
### ##.###≈≈≈≈≈≈≈≈ ###
..####..# ###≈≈≈####
..+.)..## #####
..###..# ..+...##


You could see Grinder.

Vanquished Creatures
  A big kobold (D:3)
  An orc wizard (D:3)
  Natasha (D:3)
  An adder (D:3)
  A leopard gecko (D:1)
  3 orcs (D:3)
  A ball python (D:2)
  A giant cockroach (D:1)
  7 hobgoblins
  10 bats
  3 frilled lizards
  6 goblins
  13 kobolds
  A rat (D:2)
50 creatures vanquished.

Vanquished Creatures (others)
  A frilled lizard (D:3)
1 creature vanquished.

Grand Total: 51 creatures vanquished

Notes
Turn   | Place    | Note
-------+----------+-------------------------------------------
     0 | D:1      | wolfsongas the Merfolk Skald began the quest for the Orb.
     0 | D:1      | Reached XP level 1. HP: 16/16 MP: 3/3
   260 | D:1      | Reached XP level 2. HP: 23/23 MP: 5/5
   928 | D:2      | Reached XP level 3. HP: 28/28 MP: 6/6
   941 | D:2      | Learned a level 2 spell: Song of Slaying
  1421 | D:3      | Found a faded altar of an unknown god.
  1428 | D:3      | Became a worshipper of the Wu Jian Council
  1428 | D:3      | Reached * piety under Wu Jian
  1467 | D:3      | Found a stormy altar of Qazlal.
  1482 | D:3      | Noticed Natasha
  1491 | D:3      | Reached XP level 4. HP: 29/35 MP: 1/8
  1515 | D:3      | Killed Natasha
  1720 | D:3      | Found an iron altar of Okawaru.
  1720 | D:3      | Found a bloodstained altar of Trog.
  1746 | D:3      | Noticed Grinder
  1750 | D:3      | Noticed a big kobold
  1765 | D:3      | Killed a big kobold
  1765 | D:3      | Reached XP level 5. HP: 11/41 MP: 9/9
  1769 | D:3      | HP: 1/41 [Grinder/nerve-wracking pain (11)]
  1775 | D:3      | Noticed a big kobold
  1784 | D:3      | Killed from afar by Grinder

Levels and vault maps discovered:
D:1:      lemuel_arrival_muddy, layout_basic
D:2:      layout_loops_ring, first_ration
D:3:      cheibrodos_thug_alley, layout_basic,
          gammafunk_temple_overflow_elements, grunt_qazlal_clouds,
          elyvilon_altar_5, chequers_ecumenical_altar_simple, uniq_grinder,
          uniq_natasha

Skill      XL: |  1  2  3  4 |
---------------+-------------+-----
Fighting       | 3 |  3.6
Polearms       | 4 |  4.7
Charms         | 4 |  4.3
Spellcasting   | 3 |  3.1
Armour         | |  0.6
Dodging        | |  2.6

Action                   |  1- 3 |  4- 6 || total
-------------------------+-------+-------++-------
Melee: Spear             |   126 |    65 ||   191
 Cast: Infusion          |     1 |       ||     1
Invok: Lunge             |     1 |     1 ||     2
  Use: Scroll            |     8 |       ||     8
       Potion            |       |     5 ||     5
 Stab: Sleeping          |     1 |       ||     1
       Invisible         |       |     2 ||     2
  Eat: Chunk             |     2 |     1 ||     3
Armor: Leather armour    |    30 |       ||    30
       Scale mail        |     5 |    30 ||    35
Dodge: Dodged            |    63 |    18 ||    81

Table legend:
 A = Non-vault XP
 B = Vault XP
 C = Vault XP percentage of total XP
 D = Non-vault monster count
 E = Vault monster count
 F = Vault count percentage of total count
                 A         B        C        D         E       F
            +---------+---------+-------+---------+---------+-------
      Total |     116 |     143 |  55.2 |      39 |      11 |  22.0
            +---------+---------+-------+---------+---------+-------
        D:1 |      27 |       0 |   0.0 |      17 |       0 |   0.0
        D:2 |      19 |       0 |   0.0 |      12 |       0 |   0.0
        D:3 |      70 |     143 |  67.1 |      10 |      11 |  52.4
            +---------+---------+-------+---------+---------+-------
